 Dungeon Crawl Stone Soup version 0.26.1-11-gd32895ea62 (webtiles) character file.

Game seed: 11770289968660134643

3395 jlumianski the Magician (level 10, -6/77 HPs)
             Began as a Gnoll Warper on July 11, 2021.
             Was a Follower of Qazlal.
             Mangled by an orc warrior
             ... wielding a +0 trident
              (15 damage)
             ... in a bailey.
             The game lasted 01:06:45 (10966 turns).

jlumianski the Magician (Gnoll Warper)             Turns: 10966, Time: 01:06:45

Health: -6/77      AC: 12    Str: 13    XL:     10   Next: 4%
Magic:  27/29      EV: 14    Int: 19    God:    Qazlal [*.....]
Gold:   389        SH:  2    Dex: 15    Spells: 18/23 levels left

rFire    . . .     SeeInvis .   T - +3 dire flail (drain)
rCold    . . .     Faith    .   (shield currently unavailable)
rNeg     . . .     Spirit   .   G - +0 ring mail {rPois}
rPois    +         Reflect  .   v - +0 helmet
rElec    .         Harm     .   O - +1 cloak {rPois}
rCorr    .         Rampage  .   j - +0 pair of gloves
Will     .....                  p - +0 pair of boots
Stlth    +++.......             C - amulet of magic regeneration
HPRegen  0.22/turn              i - ring of stealth
MPRegen  0.46/turn              y - ring of magical power

@: no status effects
A: distributed training, fangs 1, strong nose
a: Renounce Religion


You were in a bailey.
You worshipped Qazlal.
Qazlal was aware of your devotion.
You visited 2 branches of the dungeon, and saw 8 of its levels.
You also visited: Bailey.

You collected 389 gold pieces.

Inventory:

Hand Weapons
 a - a +0 hand axe
 b - a +4 halberd
 w - a +0 longbow
 B - a cursed -2 hunting sling
 E - a +1 whip of venom
 J - the +5 whip of Xom {antimagic, rElec rF+ MP+9}
   (You found it on level 4 of the Dungeon)

   It reduces the magical energy of the wielder, and disrupts the spells and
   magical abilities of those hit.
   Natural abilities and divine invocations are not affected.
   It protects you from fire.
   It insulates you from electricity.
   It affects your magic capacity (+9).
 L - a +3 quarterstaff of chaos
 Q - a +2 whip of flaming
 T - a +3 dire flail of draining (weapon)
Missiles
 e - 10 boomerangs of dispersal
 k - 283 stones
 l - 20 bolts
 r - 33 sling bullets
 u - 5 boomerangs
 A - 39 arrows
 F - 4 poisoned darts (quivered)
 Z - 9 javelins
Armour
 j - a +0 pair of gloves (worn)
 p - a +0 pair of boots (worn)
 v - a +0 helmet (worn)
 G - a +0 ring mail of poison resistance (worn)
 O - a +1 cloak of poison resistance (worn)
 Y - a +0 buckler
Jewellery
 i - a ring of stealth (left hand)
 y - a ring of magical power (right hand)
 C - an amulet of magic regeneration (around neck)
 W - a cursed -4 ring of strength {unknown}
Wands
 I - a wand of flame (20)
 N - a wand of disintegration (9)
 U - a wand of random effects (17)
Scrolls
 d - a scroll of blinking
 f - a scroll of enchant weapon {unknown}
 h - 4 scrolls of teleportation
 m - 2 scrolls of amnesia
 q - 2 scrolls of remove curse
 s - 4 scrolls of fear {unknown}
 x - 3 scrolls of fog {unknown}
 S - 3 scrolls of identify
 V - a scroll of immolation {unknown}
Potions
 c - 3 potions of curing
 g - a potion of ambrosia
 n - a potion of magic {unknown}
 o - a potion of lignification {unknown}
 z - 2 potions of mutation {unknown}
 D - a potion of degeneration {unknown}
 H - a potion of flight {unknown}
 P - a potion of berserk rage {unknown}
 R - a potion of haste {unknown}
 X - a potion of invisibility {unknown}


   Skills:
 + Level 6.7 Fighting
 + Level 4.8 Short Blades
 + Level 4.8 Long Blades
 + Level 6.7 Axes
 + Level 4.8 Maces & Flails
 + Level 4.8 Polearms
 + Level 4.8 Staves
 + Level 4.8 Slings
 + Level 4.8 Bows
 + Level 4.8 Crossbows
 + Level 5.5 Throwing
 + Level 5.5 Armour
 + Level 6.7 Dodging
 + Level 4.8 Stealth
 + Level 4.8 Shields
 + Level 4.8 Unarmed Combat
 + Level 7.0 Spellcasting
 + Level 4.0 Conjurations
 + Level 4.0 Hexes
 + Level 4.0 Summonings
 + Level 4.0 Necromancy
 + Level 6.8 Translocations
 + Level 4.0 Transmutations
 + Level 4.0 Fire Magic
 + Level 4.0 Ice Magic
 + Level 4.0 Air Magic
 + Level 4.0 Earth Magic
 + Level 4.0 Poison Magic
 + Level 5.3 Invocations
 + Level 4.8 Evocations


You had 18 spell levels left.
You knew the following spells:

 Your Spells              Type           Power        Failure   Level
a - Blink                 Tloc           N/A          1%          2
b - Gell's Gravitas       Tloc           16%          3%          3

Your spell library contained the following spells:

 Spells                   Type           Power        Failure   Level
 Magic Dart               Conj           88%          3%          1
 Lesser Beckoning         Tloc           16%          3%          3
 Teleport Other           Tloc           32%          3%          3
 Call Imp                 Summ           22%          6%          2
 Slow                     Hex            22%          6%          2
 Conjure Flame            Conj/Fire      22%          12%         3
 Mephitic Cloud           Conj/Pois/Air  22%          12%         3
 Passage of Golubria      Tloc           N/A          12%         4


Dungeon Overview and Level Annotations

Branches:
Dungeon (7/15)             Temple (1/1) D:4          Bailey (1/1)

Altars:
Ashenzari
Cheibriados
Dithmenos
Elyvilon
Fedhas
Hepliaklqana
Kikubaaqudgha
Nemelex Xobeh
Okawaru
Qazlal
Ru
Sif Muna
Uskayaw
Vehumet
Wu Jian
Xom
Zin
The Shining One

Annotations:
D:2 exclusion: oklob plant


Innate Abilities, Weirdness & Mutations

Your experience applies equally to all skills.
You have very sharp teeth.
Your uncanny sense of smell can sniff out nearby items.


Message History

Things that are here:
a +0 glaive; a +0 ring mail
Things that are here:
a +0 spear; a +4 chain mail
Things that are here:
a +0 trident; a +0 ring mail
Items here: )) [[.
Things that are here:
a +0 ring mail; a +0 trident You see here a poisoned dart.
Things that are here:
a +0 halberd; a +0 chain mail
Things that are here:
a +0 trident; a +0 scale mail
There is an open door here.
Casting: Blink (safe; 1% risk of failure)
Confirm with . or Enter, or press ? or * to list all spells.
You blink.
The orc warrior hits you from afar with a +0 trident!
You die...

###################
##≈≈≈≈≈≈≈≈≈≈≈≈≈≈≈≈≈##
##...................##
##.).........)..o......#
#.......⌠##########'####
#....#####....§.o.....≈#
#.))##..))≈≈≈≈≈≈≈≈≈...≈#
#.)(#.⌠.≈≈≈.....@.≈≈..≈##
#...#..≈≈..≈≈≈≈≈≈≈....≈≈##
#..(#.≈≈.≈≈≈.....≈≈≈...≈≈##
#..##.≈.≈≈..≈≈≈≈≈..≈≈..⌠≈≈#
#..#.≈≈.≈.≈≈≈...≈≈≈.≈≈..≈≈#
'[.#.≈.≈≈.≈..⌠.⌠..≈≈.≈)..≈#
'..#.≈.)..≈.[∩∩∩.....≈...≈#
'..#.≈.≈≈.≈..⌠.⌠..≈≈.≈...≈#
#..#.≈≈.≈.≈≈≈...≈≈≈.≈≈..≈≈#


You could see an orc warrior.

Vanquished Creatures
  Pikel (D:5)
  Menkaure (D:6)
  Edmund (D:5)
  Duvessa (D:4)
  8 orc warriors
  A sky beast (D:5)
  5 centaurs
  An ogre (D:4)
  Blork the orc (D:4)
  3 scorpions (D:4)
  Dowan (D:4)
  A water moccasin skeleton (D:6)
  2 jellies
  A centaur skeleton (D:5)
  A gnoll shaman (D:4)
  Crazy Yiuf (D:4)
  5 orc priests
  6 orc wizards
  4 iguanas
  4 worker ants
  A killer bee zombie (D:6)
  A howler monkey skeleton (D:4)
  7 adders
  A shadow imp (D:4)
  A white imp (D:6)
  An ufetubus (D:5)
  An ooze (D:1)
  An adder zombie (D:6)
  3 worms
  A dart slug (D:1)
  7 leopard geckos
  55 orcs
  8 giant cockroaches
  7 goblins
  10 hobgoblins
  9 jackals
  5 quokkas
  A ball python (D:2)
  A ball python skeleton (D:4)
  5 bats
  6 frilled lizards
  A jackal skeleton (D:4)
  A jackal zombie (D:5)
  11 kobolds
  2 quokka skeletons
  A quokka zombie (D:6)
  4 rats
201 creatures vanquished.

Vanquished Creatures (others)
  A plant (Temple)
1 creature vanquished.

Grand Total: 202 creatures vanquished

Notes
Turn   | Place    | Note
-------+----------+-------------------------------------------
     0 | D:1      | jlumianski the Gnoll Warper began the quest for the Orb.
     0 | D:1      | Reached XP level 1. HP: 20/20 MP: 6/6
   361 | D:1      | Reached XP level 2. HP: 26/26 MP: 7/7
   500 | D:1      | Learned a level 2 spell: Blink
   684 | D:1      | Reached XP level 3. HP: 31/31 MP: 9/9
   718 | D:1      | Reached skill level 5 in Spellcasting
   730 | D:1      | Learned a level 3 spell: Gell's Gravitas
   821 | D:1      | Reached skill level 1 in Invocations
  1161 | D:2      | Reached skill level 1 in Short Blades
  1161 | D:2      | Reached skill level 1 in Long Blades
  1161 | D:2      | Reached skill level 1 in Maces & Flails
  1161 | D:2      | Reached skill level 1 in Polearms
  1161 | D:2      | Reached skill level 1 in Staves
  1161 | D:2      | Reached skill level 1 in Slings
  1161 | D:2      | Reached skill level 1 in Bows
  1161 | D:2      | Reached skill level 1 in Crossbows
  1161 | D:2      | Reached skill level 1 in Stealth
  1161 | D:2      | Reached skill level 1 in Shields
  1161 | D:2      | Reached skill level 1 in Unarmed Combat
  1161 | D:2      | Reached skill level 1 in Evocations
  1321 | D:2      | Reached XP level 4. HP: 38/38 MP: 11/11
  2107 | D:2      | Reached skill level 1 in Conjurations
  2107 | D:2      | Reached skill level 1 in Hexes
  2107 | D:2      | Reached skill level 1 in Summonings
  2107 | D:2      | Reached skill level 1 in Necromancy
  2107 | D:2      | Reached skill level 1 in Transmutations
  2107 | D:2      | Reached skill level 1 in Fire Magic
  2107 | D:2      | Reached skill level 1 in Ice Magic
  2107 | D:2      | Reached skill level 1 in Air Magic
  2107 | D:2      | Reached skill level 1 in Earth Magic
  2107 | D:2      | Reached skill level 1 in Poison Magic
  2174 | D:2      | Found a blossoming altar of Fedhas.
  2188 | D:2      | Noticed an oklob plant
  2618 | D:3      | Reached XP level 5. HP: 28/43 MP: 12/12
  2869 | D:3      | Found an iron altar of Okawaru.
  3626 | D:3      | Reached XP level 6. HP: 50/50 MP: 13/13
  4041 | D:4      | Noticed Blork the orc
  4060 | D:4      | Killed Blork the orc
  4061 | D:4      | Reached skill level 5 in Fighting
  4061 | D:4      | Reached skill level 5 in Axes
  4061 | D:4      | Reached skill level 5 in Dodging
  4450 | D:4      | Reached XP level 7. HP: 38/56 MP: 15/15
  4932 | D:4      | Noticed Duvessa
  4932 | D:4      | Noticed Dowan
  4966 | D:4      | Killed Dowan
  5012 | D:4      | Killed Duvessa
  5359 | D:4      | Got an ebony whip
  5365 | D:4      | Got a glimmering leather armour
  5446 | D:4      | Reached XP level 8. HP: 63/63 MP: 16/16
  5459 | D:4      | Identified the +5 whip of Xom {antimagic, rElec rF+ MP+9}
                  | (You found it on level 4 of the Dungeon)
  5611 | D:4      | Found a staircase to the Ecumenical Temple.
  5620 | Temple   | Entered the Ecumenical Temple
  6298 | D:4      | Found a runed translucent door.
  6299 | D:4      | Noticed Crazy Yiuf
  6614 | D:4      | Killed Crazy Yiuf
  6632 | D:4      | Identified the +3 leather armour "Onlat" {-Tele Harm rC+}
                  | (You found it on level 4 of the Dungeon)
  6708 | D:5      | Entered Level 5 of the Dungeon
  6868 | D:5      | Reached skill level 6 in Spellcasting
  6896 | D:5      | Found the +7 Kryia's mail coat {PotionHeal*2 rC+}
  7248 | D:5      | Found a stormy altar of Qazlal.
  7256 | D:5      | Became a worshipper of Qazlal Stormbringer
  7463 | D:5      | Noticed Pikel
  7488 | D:5      | Killed Pikel
  7489 | D:5      | Reached XP level 9. HP: 32/69 MP: 18/18
  7854 | D:6      | Noticed Edmund
  7900 | D:5      | Killed Edmund
  8185 | D:6      | Found a white marble altar of Elyvilon.
  8186 | D:6      | Found a hazy altar of Hepliaklqana.
  8234 | D:6      | Reached skill level 5 in Throwing
  8234 | D:6      | Reached skill level 5 in Armour
  8271 | D:6      | Noticed Menkaure
  8539 | D:6      | Killed Menkaure
  8766 | D:6      | Found a sacrificial altar of Ru.
  8969 | D:7      | Found a flagged portal.
  8976 | Bailey   | Entered a bailey
  9083 | Bailey   | Reached * piety under Qazlal
  9653 | Bailey   | Reached skill level 5 in Invocations
  9690 | Bailey   | HP: 3/71 [orc warrior/+0 halberd (20)]
 10437 | Bailey   | Reached skill level 7 in Spellcasting
 10613 | Bailey   | Reached XP level 10. HP: 52/77 MP: 20/20
 10924 | Bailey   | HP: 1/77 [orc warrior/+0 trident (6)]
 10929 | Bailey   | HP: 1/77 [orc warrior/+0 trident (9)]
 10966 | Bailey   | Mangled by an orc warrior

Illustrated notes

Levels and vault maps discovered:
D:1:      sevenhm_arrival_forest_fort_large_2, layout_basic, st_stairs_5
D:2:      layout_basic, tgw_fedhas
D:3:      layout_basic, okawaru_altar_gauntlet_db
D:4:      minmay_skewed_foursquare, layout_loops_ring,
          minmay_temple_entry_metal_lava, chequers_serial_rivers_room_b,
          uniq_crazy_yiuf_cottage, uniq_duvessa, uniq_blork_the_orc
D:5:      layout_rooms, basic_altar, uniq_pikel
D:6:      layout_rooms, minitemple, nicolae_ru_awakened_eye, uniq_edmund,
          uniq_menkaure
D:7:      minmay_general_purpose_star, layout_loops_ring, kennysheep_little_box,
          serial_shops, shop_statue, enter_bailey_2, uniq_harold
Temple:   minmay_temple_forest_path
Bailey:   bailey_polearm_flooded_kennysheep, bailey

Skill      XL: |  1  2  3  4  5  6  7  8  9 |
---------------+----------------------------+-----
Spellcasting   | 5 6 7 |  7.0
Invocations    | 1 2 3 4 5 |  5.3
Short Blades   | 1 2 3 4 |  4.8
Long Blades    | 1 2 3 4 |  4.8
Maces & Flails | 1 2 3 4 |  4.8
Polearms       | 1 2 3 4 |  4.8
Staves         | 1 2 3 4 |  4.8
Slings         | 1 2 3 4 |  4.8
Bows           | 1 2 3 4 |  4.8
Crossbows      | 1 2 3 4 |  4.8
Stealth        | 1 2 3 4 |  4.8
Shields        | 1 2 3 4 |  4.8
Unarmed Combat | 1 2 3 4 |  4.8
Evocations     | 1 2 3 4 |  4.8
Conjurations   | 1 2 3 4 |  4.0
Hexes          | 1 2 3 4 |  4.0
Summonings     | 1 2 3 4 |  4.0
Necromancy     | 1 2 3 4 |  4.0
Transmutations | 1 2 3 4 |  4.0
Fire Magic     | 1 2 3 4 |  4.0
Ice Magic      | 1 2 3 4 |  4.0
Air Magic      | 1 2 3 4 |  4.0
Earth Magic    | 1 2 3 4 |  4.0
Poison Magic   | 1 2 3 4 |  4.0
Throwing       | 3 4 5 |  5.5
Armour         | 3 4 5 |  5.5
Fighting       | 5 6 |  6.7
Axes           | 5 6 |  6.7
Dodging        | 5 6 |  6.7
Translocations | 6 |  6.8

Action                   |  1- 3 |  4- 6 |  7- 9 | 10-12 || total
-------------------------+-------+-------+-------+-------++-------
Melee: Hand axe          |    91 |   134 |    30 |       ||   255
       Bite              |     8 |    13 |    33 |       ||    54
       Punch             |       |     2 |     4 |       ||     6
       Whip              |       |       |   228 |       ||   228
       Dire flail        |       |       |    73 |     2 ||    75
 Fire: Longbow           |       |    15 |   110 |       ||   125
Throw: Stone             |     8 |    26 |       |       ||    34
       Boomerang         |       |    23 |     8 |     2 ||    33
       Dart              |       |       |       |     3 ||     3
 Cast: Gell's Gravitas   |     3 |     7 |    35 |     9 ||    54
       Blink             |       |     8 |    37 |     6 ||    51
Evoke: Wand              |       |       |     2 |     3 ||     5
  Use: Potion            |     1 |       |       |     1 ||     2
       Scroll            |       |     6 |       |       ||     6
 Stab: Sleeping          |       |     5 |     6 |       ||    11
Armor: Leather armour    |    27 |    38 |     2 |       ||    67
       Ring mail         |       |       |   123 |     8 ||   131
Dodge: Dodged            |    88 |   114 |   281 |    25 ||   508
Block: Other             |       |       |     1 |       ||     1
